 Dungeon Crawl Stone Soup version 0.21-a0-442-g848f44b (webtiles) character file.

1964 Ijustatesigmund the Basher (level 9, -4/62 HPs)
             Began as an Octopode Artificer on Nov 16, 2017.
             Slain by a troll (6 damage)
             ... on level 7 of the Dungeon.
             The game lasted 00:19:43 (8071 turns).

Ijustatesigmund the Basher (Octopode Artificer)     Turns: 8071, Time: 00:19:44

Health: -4/62      AC:  1    Str: 11    XL:     9   Next: 19%
Magic:  0/11       EV: 15    Int: 14    God:
Gold:   430        SH:  0    Dex: 15    Spells: 7/8 levels left

rFire    . . .     SeeInvis .   y - +1 flail
rCold    . . .     Gourm    .   (no shield)
rNeg     . . .     Faith    .   (helmet restricted)
rPois    .         Spirit   +   x - amulet of guardian spirit
rElec    .         Reflect  .   p - ring of stealth
rCorr    .         Harm     .   (no ring)
MR       .....                  (no ring)
Stlth    ++++......             (no ring)
HPRegen  0.20/turn              (no ring)
MPRegen  0.12/turn              (no ring)
                                (no ring)
                                (no ring)

@: infused (expiring)
A: almost no armour, stealthy swim, amphibious, 8 rings, constrict 8, camouflage
1, gelatinous body 1
a: no special abilities


You were on level 7 of the Dungeon.
You were not hungry.

You visited 1 branch of the dungeon, and saw 7 of its levels.
You also visited: Sewer.

You collected 508 gold pieces.
You spent 78 gold pieces at shops.

Inventory:

Hand Weapons
 a - a +3 dagger of venom
 y - a +1 flail (weapon)
Missiles
 J - 8 curare-tipped needles
Jewellery
 p - a ring of stealth (left tentacle)
 x - an amulet of guardian spirit (around mantle)
Wands
 b - a wand of flame (15/48)
 c - a wand of enslavement (9/24)
 d - a wand of random effects (13/48)
 s - a wand of acid (11/15)
 t - a wand of clouds (7/9)
 u - a wand of flame (22/48)
 C - a wand of lightning (4/15)
 H - a wand of disintegration (13/24)
Scrolls
 e - 7 scrolls of remove curse
 n - 2 scrolls of blinking
 F - a scroll of fog
 G - 2 scrolls of teleportation
Potions
 h - 2 potions of agility
 i - 3 potions of curing
 j - 2 potions of flight {unknown}
 k - a potion of ambrosia {unknown}
 l - 2 potions of brilliance {unknown}
 m - 2 potions of might
 o - a potion of berserk rage {unknown}
 q - 3 potions of haste {unknown}
 v - a potion of resistance {unknown}
 w - a potion of lignification {unknown}
 B - 2 potions of heal wounds {unknown}
 D - a potion of invisibility {unknown}
 E - a potion of mutation {unknown}
Books
 r - Sif Muna's Handbook of Talismans
   (You found it on level 3 of the Dungeon)

   Spells                             Type                      Level
   a - Infusion                       Charms                       1
Comestibles
 f - 6 bread rations
 g - 7 fruits
 z - 4 royal jellies
 A - 4 meat rations
 I - 2 chunks of flesh


   Skills:
 + Level 5.9 Fighting
 - Level 1.0 Short Blades
 + Level 8.7 Maces & Flails
 - Level 3.9 Dodging
 + Level 3.1 Stealth
 - Level 2.1 Charms
 + Level 3.7 Evocations


You had 7 spell levels left.
You knew the following spells:

 Your Spells              Type           Power        Failure   Level  Hunger
a - Infusion              Chrm           #...         12%         1    ##.....


Dungeon Overview and Level Annotations

Branches:
Dungeon (7/15)             Temple (0/1) D:7

Altars:
Nemelex Xobeh
Sif Muna
Vehumet
Zin

Shops:
D:5 *


Innate Abilities, Weirdness & Mutations

You cannot wear most types of armour.
You are very stealthy in the water. (Stealth+)
You are amphibious.
You can wear up to eight rings at the same time.
You can use your tentacles to constrict eight enemies at once.
Your skin changes colour to match your surroundings (Stealth+).
Your rubbery body absorbs attacks. (AC +1, EV +1)


Message History

You barely miss the troll.
The troll is heavily wounded.
The troll bites you! The troll claws you. The troll barely misses you.
You hit the troll. Your squeeze misses the troll.
The troll is heavily wounded.
Your magical infusion is running out.
The troll closely misses you. The troll claws you!
* * * LOW HITPOINT WARNING * * *
The troll closely misses you.
You sock the troll!
You squeeze the troll, but do no damage.
The troll is severely wounded.
The troll barely misses you. x2; The troll claws you.
* * * LOW HITPOINT WARNING * * *
You closely miss the troll. You squeeze the troll!
The troll is almost dead.
The troll bites you.
* * * LOW HITPOINT WARNING * * *
The troll claws you!
You die...

###.# #...# #.###
### #.# .$# ### #.#
#.# ##.## #.# #.#
##.#.###.#
##.##.####.###....#
#...T@......#.#####
#.......######.##
######### ###


You could see a troll.

Vanquished Creatures
  Prince Ribbit (D:6)
  2 ogres
  2 black bears
  A sky beast (D:6)
  A centaur (D:6)
  A crocodile (Sewer)
  Blork the orc (D:5)
  A bullfrog (D:6)
  Dowan (D:4)
  2 scorpions
  The ghost of darxusza the Grasshopper, a weakling NaWr (D:3)
  A crimson imp (D:6)
  2 hounds
  A jelly (D:7)
  4 orc priests
  Crazy Yiuf (D:5)
  2 worker ants
  An iguana (D:7)
  4 orc wizards
  2 hound zombies (D:5)
  4 gnolls (D:6)
  11 adders
  A river rat (D:6)
  A shadow imp (D:5)
  An adder skeleton (D:6)
  3 worms
  2 dart slugs
  3 leopard geckos
  16 orcs
  7 bats
  A giant cockroach (D:1)
  3 goblins
  12 hobgoblins
  13 jackals
  A quokka (D:2)
  3 ball pythons
  8 frilled lizards
  A jackal zombie (D:5)
  6 kobolds
  2 leopard gecko skeletons (D:4)
  A quokka skeleton (D:4)
  8 rats
140 creatures vanquished.

Vanquished Creatures (collateral kills)
  Duvessa (D:5)
  2 orc priests (D:7)
3 creatures vanquished.

Grand Total: 143 creatures vanquished

Notes
Turn   | Place    | Note
-------+----------+-------------------------------------------
     0 | D:1      | Ijustatesigmund the Octopode Artificer began the quest for the Orb.
     0 | D:1      | Reached XP level 1. HP: 13/13 MP: 3/3
    64 | D:1      | Reached XP level 2. HP: 17/19 MP: 4/4
   565 | D:1      | Reached XP level 3. HP: 24/25 MP: 5/5
  1519 | D:2      | Reached XP level 4. HP: 19/33 MP: 6/6
  1981 | D:2      | Found a sparkling altar of Nemelex Xobeh.
  2192 | D:3      | Found a glowing silver altar of Zin.
  2237 | D:3      | Reached XP level 5. HP: 36/38 MP: 7/7
  2359 | D:3      | Noticed darxusza's ghost (weakling NaWr)
  2373 | D:3      | Killed darxusza's ghost
  2586 | D:3      | Found a deep blue altar of Sif Muna.
  2604 | D:3      | Reached skill level 5 in Fighting
  2626 | D:3      | Identified Sif Muna's Handbook of Talismans
  2631 | D:3      | Learned a level 1 spell: Infusion
  2799 | D:3      | Reached XP level 6. HP: 42/45 MP: 8/8
  3985 | D:5      | Entered Level 5 of the Dungeon
  3985 | D:5      | Noticed Duvessa
  3985 | D:5      | Noticed Dowan
  3993 | D:5      | Killed Duvessa
  3993 | D:5      | Reached skill level 1 in Charms
  4220 | D:4      | Killed Dowan
  4381 | D:5      | Found Fatrax's Assorted Antiques.
  4402 | D:5      | Bought a metallic black potion for 18 gold pieces
  4402 | D:5      | Bought a fuming brown potion for 18 gold pieces
  4403 | D:5      | Bought a scroll of identify for 42 gold pieces
  4443 | D:5      | Noticed Blork the orc
  4450 | D:5      | Killed Blork the orc
  4450 | D:5      | Reached XP level 7. HP: 32/50 MP: 9/9
  4642 | D:5      | Found a sparkling altar of Nemelex Xobeh.
  4642 | D:5      | Found a radiant altar of Vehumet.
  4836 | D:5      | Killed an ogre
  4836 | D:5      | Reached skill level 2 in Maces & Flails
  4956 | D:5      | Reached skill level 3 in Maces & Flails
  5299 | D:5      | Found a runed door.
  5303 | D:5      | Noticed Crazy Yiuf
  5308 | D:5      | Killed Crazy Yiuf
  5461 | D:6      | Reached skill level 4 in Maces & Flails
  5494 | D:6      | Found a glowing drain.
  5499 | Sewer    | Entered a sewer
  5778 | Sewer    | Reached XP level 8. HP: 56/56 MP: 10/10
  5878 | D:6      | Reached skill level 5 in Maces & Flails
  5995 | D:6      | Reached skill level 6 in Maces & Flails
  6515 | D:6      | Noticed Prince Ribbit
  6524 | D:6      | Killed Prince Ribbit
  6524 | D:6      | Reached skill level 7 in Maces & Flails
  6884 | D:6      | Reached skill level 8 in Maces & Flails
  6888 | D:6      | Reached XP level 9. HP: 18/61 MP: 1/11
  7766 | D:7      | Found a staircase to the Ecumenical Temple.
  8058 | D:7      | Noticed a troll
  8071 | D:7      | HP: 2/62 [troll (5)]
  8071 | D:7      | Slain by a troll

Vault maps used:
D:1:      eino_arrival_cavern_b
D:2:      serial_forest, infiniplex_forest_straight_4,
          infiniplex_forest_clump_long, infiniplex_forest_zigzag_1,
          infiniplex_forest_zigzag_2, infiniplex_forest_clump_small,
          infiniplex_forest_lined_ring, infiniplex_forest_corner_2, nrook_uturn,
          nemelex_lonely_heart_becter
D:3:      lemuel_round_altar, minivault_27, led_sif_book
D:5:      amethyst_overflow_temple_binary, first_bread, serial_shops,
          nicolae_shop_overgrown_old_shop, kennysheep_generic_room_5,
          uniq_blork_the_orc, uniq_crazy_yiuf_cottage, uniq_duvessa
D:6:      lightli_sewer_entry_pipes, minmay_crystal_water, uniq_prince_ribbit1
D:7:      minmay_temple_entry_statues_pillars, basic_altar
Sewer:    sewer_the_crocodile

Skill      XL: |  1  2  3  4  5  6  7  8  9 |
---------------+----------------------------+-----
Fighting       | 2 4 5 |  5.9
Stealth        | 2 3 |  3.1
Dodging        | 3 |  3.9
Charms         | 2 |  2.1
Maces & Flails | 4 8 |  8.7
Short Blades   | |  1.0
Evocations     | |  3.7

Action                   |  1- 3 |  4- 6 |  7- 9 || total
-------------------------+-------+-------+-------++-------
Melee: Short sword       |    80 |    70 |       ||   150
       Constrict         |    17 |    19 |    45 ||    81
       Tentacles         |    11 |    14 |    38 ||    63
       Dagger            |       |    16 |   123 ||   139
       Flail             |       |       |    41 ||    41
 Cast: Infusion          |       |       |     7 ||     7
Evoke: Wand              |       |     5 |     5 ||    10
  Use: Scroll            |     5 |     5 |     6 ||    16
       Potion            |     1 |     1 |       ||     2
 Stab: Sleeping          |     8 |    15 |    17 ||    40
       Confused          |       |     4 |       ||     4
  Eat: Chunk             |     2 |     8 |    13 ||    23
Armor: Skin              |    10 |     3 |     7 ||    20
Dodge: Dodged            |    44 |    36 |   112 ||   192

Table legend:
 A = Spawn XP
 B = Non-spawn XP
 C = Spawn XP percentage of total XP
 D = Spawn monster count
 E = Non-spawn monster count
 F = Spawn count percentage of total count
 G = Total turns spent on level
                    A         B        C        D         E        F      G
               +---------+---------+-------+---------+---------+-------+---------
         Total |       0 |    2807 |   0.0 |       0 |     143 |   0.0 |  8071
               +---------+---------+-------+---------+---------+-------+---------
           D:1 |       0 |      35 |   0.0 |       0 |      22 |   0.0 |   865
           D:2 |       0 |      96 |   0.0 |       0 |      19 |   0.0 |  1181
           D:3 |       0 |     198 |   0.0 |       0 |      13 |   0.0 |   946
           D:4 |       0 |     130 |   0.0 |       0 |       9 |   0.0 |  1313
           D:5 |       0 |     529 |   0.0 |       0 |      17 |   0.0 |  1152
           D:6 |       0 |    1357 |   0.0 |       0 |      42 |   0.0 |  1629
           D:7 |       0 |     345 |   0.0 |       0 |      15 |   0.0 |   660
         Sewer |       0 |     117 |   0.0 |       0 |       6 |   0.0 |   325
               +---------+---------+-------+---------+---------+-------+---------
